 Dungeon Crawl Stone Soup version 0.27.1-34-g3ba077fa99 (webtiles) character file.

Game seed: 12580920471480618031

1589 Delamore the Covert (level 8, 0/50 HPs)
             Began as an Octopode Brigand on Feb 6, 2022.
             Slain by a yak (17 damage)
             ... on level 6 of the Dungeon.
             The game lasted 00:08:58 (8539 turns).

Delamore the Covert (Octopode Brigand)              Turns: 8539, Time: 00:08:59

Health: 0/50       AC:  1    Str: 10    XL:     8   Next: 92%
Magic:  8/8        EV: 12    Int: 20    God:
Gold:   1076       SH:  0    Dex: 15    Spells: 7/7 levels left

rFire    . . .     SeeInvis .   n - +2 short sword (venom)
rCold    . . .     Faith    .   (no shield)
rNeg     . . .     Spirit   .   (helmet restricted)
rPois    .         Reflect  .   (no amulet)
rElec    .         Harm     .   d - +6 ring of intelligence
rCorr    .         Rampage  .   (no ring)
Will     .....                  (no ring)
Stlth    +++++.....             (no ring)
HPRegen  0.16/turn              (no ring)
MPRegen  0.11/turn              (no ring)
                                (no ring)
                                (no ring)

@: studying Ice Magic
A: almost no armour, amphibious, 8 rings, camouflage 1, gelatinous body 1,
(nimble swimmer 1), tentacles
a: no special abilities


You were on level 6 of the Dungeon.
You visited 2 branches of the dungeon, and saw 7 of its levels.
You also visited: Sewer.

You collected 1076 gold pieces.

Inventory:

Hand Weapons
 n - a +2 short sword of venom (weapon)
 o - a +2 dagger of draining
 r - a +0 rapier
Missiles
 b - 23 poisoned darts
 c - 2 curare-tipped darts (quivered)
 s - 10 boomerangs
Jewellery
 d - a +6 ring of intelligence (left tentacle)
 u - a ring of ice
Wands
 w - a wand of flame (14)
Scrolls
 f - a scroll of magic mapping {unknown}
 j - 2 scrolls of teleportation
 k - a scroll of blinking {unknown}
 l - 3 scrolls of silence {unknown}
 q - a scroll of fear
 t - 2 scrolls of holy word {unknown}
 v - a scroll of vulnerability {unknown}
 y - a scroll of fog {unknown}
Potions
 a - a potion of mutation {unknown}
 e - a potion of lignification {unknown}
 g - a potion of resistance {unknown}
 h - 2 potions of curing
 i - a potion of ambrosia {unknown}
 m - 5 potions of heal wounds {unknown}
 p - 2 potions of flight {unknown}
 x - a potion of degeneration {unknown}


   Skills:
 - Level 2.0 Fighting
 + Level 8.7 Short Blades
 - Level 4.0 Throwing
 - Level 1.0 Dodging
 - Level 10.0 Stealth


You had 7 spell levels left.
You didn't know any spells.
Your spell library contained the following spells:

 Spells                   Type           Power      Damage    Failure   Level
 Shock                    Conj/Air       0%         1d3       19%         1
 Swiftness                Air            0%         N/A       50%         3
 Airstrike                Air            0%         N/A       88%         4
 Petrify                  Tmut/Erth      0%         N/A       88%         4
 Metabolic Englaciation   Hex/Ice        0%         N/A       99%         5
 Statue Form              Tmut/Erth      0%         N/A       100%        6


Dungeon Overview and Level Annotations

Branches:
Dungeon (6/15)             Temple (1/1) D:6           Sewer (visited)

Altars:
Ashenzari
Cheibriados
Dithmenos
Elyvilon
Makhleb
Nemelex Xobeh
Okawaru
Ru
Sif Muna
Trog
Uskayaw
Vehumet
Wu Jian
Xom
Yredelemnul
Zin
The Shining One

Shops:
D:1 *   D:3 [


Innate Abilities, Weirdness & Mutations

You cannot wear most types of armour.
You are amphibious.
You can wear up to eight rings at the same time.
Your skin changes colour to match your surroundings (Stealth+).
Your rubbery body absorbs attacks. (AC +1, EV +1)
((You are camouflaged near water. (Stealth+)))
You have tentacles for arms and can constrict up to eight enemies at once.


Message History

You kill the hound!
The yak bellows!
The gnoll shaman hits you with a +0 whip!
You puncture the gnoll shaman! You grab the gnoll shaman.
The gnoll shaman is heavily wounded.
You constrict the gnoll shaman.
The gnoll shaman mumbles some strange prayers to its god.
The gnoll shaman is healed somewhat.
You hit the gnoll shaman.
The gnoll shaman is poisoned.
The gnoll shaman is heavily wounded.
You constrict the gnoll shaman, but do no damage.
You hit the gnoll shaman.
The gnoll shaman is severely wounded.
You constrict the gnoll shaman, but do no damage.
The yak gores you! The gnoll shaman closely misses you.
You are too injured to fight recklessly!
You are too injured to fight recklessly!
You are too injured to fight recklessly!
You are too injured to fight recklessly!
You are too injured to fight recklessly!
You are too injured to fight recklessly!
You are too injured to fight recklessly!
You are too injured to fight recklessly!
You are too injured to fight recklessly!
You release your grip on the gnoll shaman.
The gnoll shaman utters an invocation to its god.
The gnoll shaman is healed somewhat.
The gnoll shaman prays to its god.
The gnoll shaman is healed somewhat.
The gnoll shaman looks more healthy.
The yak gores you!
Throw: 3 darts (curare)
Press: ? - help, Q - select action, (/) - cycle Shift-Dir - straight line, f - yak
Aim: a yak (72% to hit)
You throw a curare-tipped dart. The curare-tipped dart hits the yak.
The yak is poisoned.
The yak convulses.
The yak seems to slow down.
The yak is lightly wounded.
The yak gores you!
You die...

#......#.........§≈≈..#
#......#........≈§§≈≈.#
#......#.......≈≈§≈≈≈≈##
#......#######.≈§≈>≈§≈.#
#######......# ##≈≈§≈§≈≈.####
.............# #.≈§§≈≈......
.........)...########..≈≈≈..#....
......................#######....
........####)...@Y##### #....
........##.((.<.........# #####
######'###........#####.# #.#
#............#.# #.#
#............#|# #.#
#...##.......#.# #.#
#..[##.......#.# #.#
#...##.......#'##### ## #.#
######.............# #.


You could see a yak (very poisoned, slow).

Vanquished Creatures
  A water moccasin (D:5)
  An ogre (D:6)
  A necrophage (D:5)
  A phantom (D:5)
  A kobold brigand (D:6)
  A bullfrog (Sewer)
  4 scorpions
  2 howler monkeys (D:4)
  A centaur zombie (D:6)
  A centaur skeleton (D:6)
  3 hounds
  3 orc priests (D:3)
  3 bullfrog skeletons (D:5)
  Jessica (D:2)
  2 iguanas (D:4)
  A hound zombie (D:5)
  A hound skeleton (D:5)
  7 gnolls
  9 adders
  3 river rats (D:5)
  A white imp (D:5)
  An ufetubus (D:4)
  An adder skeleton (D:5)
  3 worms (D:5)
  A dart slug (D:5)
  24 orcs
  8 endoplasms
  12 giant cockroaches
  10 goblins
  8 hobgoblins
  8 jackals
  12 kobolds
  2 quokkas
  14 ball pythons
  7 bats
  12 frilled lizards
  8 rats
179 creatures vanquished.

Notes
Turn   | Place    | Note
-------+----------+-------------------------------------------
     0 | D:1      | Delamore the Octopode Brigand began the quest for the Orb.
     0 | D:1      | Reached XP level 1. HP: 14/14 MP: 1/1
   245 | D:1      | Reached XP level 2. HP: 19/19 MP: 2/2
   359 | D:1      | Reached skill level 6 in Stealth
   377 | D:1      | Found Liugryur's General Store.
   787 | D:1      | Reached XP level 3. HP: 24/24 MP: 3/3
   984 | D:2      | Noticed Jessica
   992 | D:2      | Killed Jessica
  1192 | D:2      | Reached XP level 4. HP: 21/29 MP: 4/4
  1552 | D:2      | Found a faded altar of an unknown god.
  1626 | D:2      | Reached skill level 7 in Stealth
  1735 | D:2      | Found a glowing golden altar of the Shining One.
  2122 | D:3      | Identified a scroll of acquirement
  2122 | D:3      | Acquired 816 gold pieces
  2600 | D:3      | Reached XP level 5. HP: 33/34 MP: 5/5
  3457 | D:3      | Reached skill level 8 in Stealth
  3745 | D:3      | Reached XP level 6. HP: 25/39 MP: 6/6
  4098 | D:3      | Found Neosyu's Armour Shoppe.
  4752 | D:4      | Reached skill level 9 in Stealth
  4971 | D:4      | Reached XP level 7. HP: 26/45 MP: 7/7
  5450 | D:4      | You fall into a shaft and drop 1 floor!
  5450 | D:5      | Entered Level 5 of the Dungeon
  5659 | D:5      | Reached skill level 10 in Stealth
  5741 | D:5      | Reached skill level 5 in Short Blades
  5825 | D:5      | Found a glowing drain.
  5833 | Sewer    | Entered a sewer
  6053 | Sewer    | Reached XP level 8. HP: 49/50 MP: 8/8
  7675 | D:6      | Found a snail-covered altar of Cheibriados.
  7870 | D:6      | Found a staircase to the Ecumenical Temple.
  7883 | Temple   | Entered the Ecumenical Temple
  8511 | D:6      | Noticed a yak
  8539 | D:6      | Slain by a yak

Illustrated notes

Levels and vault maps discovered:
D:1:      dpeg_arrival_oval, layout_rooms, serial_shops,
          nicolae_shop_statue_plus
D:2:      layout_rooms, basic_ecumenical_altar, basic_altar, uniq_jessica
D:3:      layout_loops_corners, serial_shops, nicolae_shop_statue_plus,
          kennysheep_another_room, guppyfry_early_orc_mine
D:4:      layout_loops_corners, minmay_manual_mail
D:5:      layout_rooms, lightli_sewer_entry_pipes
D:6:      cheibrodos_barr_body, layout_basic, kennysheep_mini_moat,
          minmay_temple_entry_mist
Temple:   eino_temple_scatter_basement

Skill      XL: |  1  2  3  4  5  6  7  8 |
---------------+-------------------------+-----
Stealth        | 6 7 8 9 10 | 10.0
Short Blades   | 3 5 8 |  8.7
Throwing       | 3 4 |  4.0
Fighting       | |  2.0
Dodging        | |  1.0

Action                   |  1- 3 |  4- 6 |  7- 9 || total
-------------------------+-------+-------+-------++-------
Melee: Dagger            |    47 |    95 |       ||   142
       Constrict         |    11 |    33 |    42 ||    86
       Tentacles         |     5 |    27 |    37 ||    69
       Short sword       |       |    55 |   172 ||   227
Throw: Dart              |     3 |    26 |     4 ||    33
  Use: Scroll            |       |     4 |     1 ||     5
       Potion            |       |       |     2 ||     2
 Stab: Sleeping          |    15 |    12 |    13 ||    40
       Distracted        |       |     2 |     1 ||     3
Armor: Skin              |     2 |     4 |    10 ||    16
Dodge: Dodged            |    15 |    65 |    82 ||   162
